AoeStats
← joosephy

Nomad

508638334Analyzed
3v3 RM · 10d ago on Sep 23, 2026· 37m 43s· 6 players
Game mode
Random Map
Map size
210×210
Population
200
Speed
Normal
Resources
Standard
Victory
Conquest
Starting age
Dark Age
Ending age
Imperial Age
RankedLock teamsTeams togetherTeam positionsShared explorationLock speedFull tech treeHidden civsTurbo modeCheats
Victory
Defeat
🇹🇷 Slavs · Türkiye
1631
+14
🇹🇼 Persians · Taiwan
1606
+15
🇨🇳 Huns · China
1511
+18
🇦🇺 Saxons · Australia
1575
-16
🇦🇺 Danes · Australia
1575
-16
🇦🇺 Varangians · Australia
1567
-15
King of Bants
4:56 Loom
12:23 Feudal Age
20:01 Castle Age
32:24 Double-Bit Axe
39:55 Imperial Age
Chaboi
7:53 Loom
13:25 Feudal Age
19:58 Castle Age
18:24 Fletching
20:04 Double-Bit Axe
20:40 Bodkin Arrow
21:02 Medium Warships
23:25 Scale Barding Armor
23:29 Horse Collar
25:44 Chain Barding Armor
26:16 Bloodlines
27:32 Fishing Lines
29:30 Gillnets
32:30 Wheelbarrow
33:13 Forging
32:57 Town Watch
33:32 Gold Mining
35:38 Iron Casting
Rhetta Invicta
8:02 Loom
12:16 Feudal Age
12:53 Double-Bit Axe
21:14 Castle Age
21:57 Town Watch
25:08 Wheelbarrow
26:20 Bow Saw
30:25 Imperial Age
28:17 Gold Mining
28:26 Horse Collar
34:25 Squires
35:39 Scale Mail Armor
36:16 Hand Cart
37:11 Chain Mail Armor
37:55 Forging
joosephy
4:38 Loom
13:28 Feudal Age
15:10 Town Watch
18:19 Castle Age
16:46 Double-Bit Axe
17:42 Scale Barding Armor
18:13 Forging
18:51 Gold Mining
21:35 Bloodlines
29:18 Chain Barding Armor
29:44 Wheelbarrow
30:13 Bow Saw
32:18 Horse Collar
33:36 Iron Casting
33:42 Husbandry
33:55 Husbandry
37:42 Heavy Plow
自娱自乐
4:44 Loom
14:38 Feudal Age
15:44 Double-Bit Axe
18:24 Castle Age
16:08 Horse Collar
16:47 Fletching
19:42 Medium Warships
19:39 Bodkin Arrow
19:55 Bow Saw
30:54 Heavy Plow
30:45 Gold Mining
34:23 Imperial Age
32:10 Marauders
33:42 Scale Barding Armor
33:48 Forging
34:39 Bloodlines
34:30 Husbandry
34:54 Chain Barding Armor
34:29 Elite Tarkan
35:30 Conscription
35:13 Bracer
35:51 Iron Casting
36:21 Two-Man Saw
35:58 Gold Shaft Mining
37:36 Wheelbarrow
36:47 Town Watch
39:12 Blast Furnace
38:47 Plate Barding Armor
38:16 Bracer
Itgetsdarker
10:28 Loom
12:33 Feudal Age
16:56 Castle Age
23:36 Fletching
25:17 Double-Bit Axe
32:30 Imperial Age
30:10 Town Watch
30:18 Man-at-Arms
31:01 Squires
31:46 Long Swordsman
32:57 Two-Handed Swordsman
34:18 Scale Mail Armor
35:29 Chain Mail Armor
36:22 Forging
36:43 Gold Mining
Connection lost

Rejoining the realm…

Still unreachable

The connection could not be restored.

Session expired

The server has moved on; the page needs a fresh start.